Map: Last Remnant

Players

CYGamer

  • Race: Terran Terran
  • Spawn Location: 7:00

Pillow

  • Race: Protoss Protoss
  • League: Platinum
  • Spawn Location: 6:00

Dreiko

  • Race: Protoss Protoss
  • Spawn Location: 6:00

RuffneckOne

  • Race: Terran Terran
  • Spawn Location: 9:00

Infamous - Winner!

  • Race: Protoss Protoss
  • League: Silver
  • Spawn Location: 12:00

Rhine - Winner!

  • Race: Protoss Protoss
  • Spawn Location: 1:00

Kaddarius - Winner!

  • Race: Zerg Zerg
  • Spawn Location: 3:00

Protan - Winner!

  • Race: Zerg Zerg
  • League: Silver
  • Spawn Location: 12:00

VOD

Have the link to the VOD?

Description

Time

  • Played on: March 23, 2018, 10:16 a.m.
  • Length: 15:15
Show
View Real Time Build Order
Export as new Build Order

CYGamer Terran 

Build Orders:  

Get SALT Encoding   

  12  0:11  Supply Depot  
  12  0:44  SCV  
  13  0:53  Barracks  
  13  0:56  SCV  
  14  1:09  SCV  
  14  1:11  Supply Depot  
  15  1:21  SCV  
  16  1:34  Command Center  
  16  1:40  Supply Depot  
  16  1:43  SCV  
  17  1:49  Refinery  
  17  1:52  Refinery  
  17  1:56  SCV  
  18  2:08  SCV  
  19  2:10  Marine  
  19  2:14  Refinery  
  20  2:20  Refinery  
  20  2:29  Marine  
  21  2:35  SCV  
  22  2:46  SCV  
  22  2:47  Marine, SCV  
  25  2:58  SCV  
  26  3:08  Orbital Command  
  26  3:10  Orbital Command  
  26  3:19  Factory  
  26  3:34  Engineering Bay  
  26  3:48  SCV  
  27  3:50  SCV  
  28  4:00  SCV  
  28  4:02  SCV  
  30  4:06  Starport, Barracks Tech Lab  
  30  4:08  Starport  
  30  4:12  SCV  
  30  4:14  SCV  
  30  4:15  Starport  
  32  4:17  Missile Turret  
  29  4:24  SCV  
  29  4:25  Marauder  
  29  4:27  Missile Turret  
  32  4:38  SCV x2  
  36  4:49  Widow Mine  
  36  4:50  SCV x2  
  38  4:54  Starport Tech Lab  
  38  4:55  Starport Tech Lab  
  38  4:56  Starport Tech Lab  
  38  5:02  SCV x2  
  40  5:20  Marauder  
  40  5:22  Widow Mine  
  42  5:31  Missile Turret  
  42  5:41  Banshee x3  
  48  5:43  Cloaking Field  
  48  5:45  SCV x2  
  50  5:53  Cyclone  
  53  5:57  SCV  
  54  6:23  Marauder  
  52  6:38  Supply Depot  
  52  6:39  Supply Depot x2  
  52  6:40  Supply Depot  
  52  6:55  SCV x2  
  52  6:58  Banshee  
  52  6:59  Banshee x2  
  52  7:00  Marauder, Cyclone  
  65  7:04  Supply Depot  
  65  7:05  Supply Depot  
  65  7:06  Supply Depot x2  
  65  7:07  SCV x2  
  67  7:21  Marauder  
  69  7:26  Liberator x3  
  69  7:32  Cyclone  
  69  7:33  Supply Depot  
  69  7:34  Supply Depot  
  72  7:42  SCV x2  
  72  7:43  Marauder  
  83  8:04  Marauder, Cyclone  
  88  8:09  Liberator  
  88  8:19  Supply Depot  
  84  8:23  Supply Depot  
  84  8:26  Viking x2  
  81  8:53  SCV x2  
  83  8:56  Viking x2  
  87  9:09  Viking  
  77  9:26  Viking x2  
  73  9:36  Supply Depot  
  73  9:39  Viking  
  73  9:40  Cyclone  
  69  10:18  Viking x2  
  69  10:20  Viking  
  38  10:39  SCV  
  36  10:48  Viking x2  
  36  10:50  Viking  
  36  10:51  SCV  
  39  11:03  SCV  
  34  11:42  Command Center  
  30  12:00  Command Center  
  18  12:27  Viking x2  
  18  12:28  Viking  
  19  12:57  Viking  
  21  13:07  Orbital Command  
  20  13:36  SCV  
  21  13:50  SCV  
  21  13:53  SCV  
  21  13:55  Barracks  
  23  14:06  SCV  
  24  14:10  Viking  
  24  14:18  SCV  
  25  14:30  SCV  
  26  14:31  SCV  
  27  14:38  Viking  
  27  14:39  Viking  
  27  14:40  Viking  
  27  14:43  SCV  
  34  14:55  SCV  
Show
View Real Time Build Order
Export as new Build Order

Pillow Protoss 

Build Orders: Dark Templar Rush 

Get SALT Encoding   

  12  0:01  Probe  
  13  0:13  Probe  
  14  0:20  Pylon  
  14  0:25  Probe  
  15  0:39  Gateway  
  15  0:41  Probe  
  16  0:50  Assimilator  
  16  0:53  Probe  
  16  0:55  Assimilator  
  17  1:06  Probe  
  18  1:18  Probe  
  19  1:27  Cybernetics Core  
  19  1:30  Pylon  
  19  1:32  Probe  
  20  1:44  Probe  
  21  1:54  Gateway  
  21  1:56  Probe  
  24  2:08  Probe  
  25  2:16  Pylon  
  25  2:17  Adept (Chrono Boost)  
  22  2:34  Probe  
  23  2:46  Pylon  
  23  2:54  Twilight Council  
  23  3:04  Probe, Adept  
  26  3:16  Probe, Pylon  
  27  3:23  Pylon  
  27  3:35  Probe  
  28  3:42  Dark Shrine  
  28  3:59  Robotics Facility  
  28  4:01  Probe  
  29  4:21  Gateway x2  
  25  4:34  Adept  
  27  4:39  Pylon  
  27  4:43  Pylon  
  27  4:54  Pylon  
  27  5:12  Nexus  
  27  5:21  Shield Battery  
  27  5:24  Pylon, Shield Battery  
  27  5:26  Probe  
  26  5:38  Probe  
  27  6:00  Probe  
  3  6:13  Probe  
Show
View Real Time Build Order
Export as new Build Order

Dreiko Protoss 

Build Orders: Nexus First 

Get SALT Encoding   

  12  0:01  Probe (Chrono Boost)  
  13  0:11  Probe (Chrono Boost)  
  14  0:19  Pylon  
  14  0:22  Probe  
  15  0:37  Probe  
  16  0:49  Probe  
  17  1:01  Nexus  
  17  1:13  Gateway  
  17  1:15  Probe  
  18  1:20  Assimilator  
  18  1:30  Probe, Assimilator  
  19  1:35  Pylon  
  19  1:46  Probe (Chrono Boost)  
  20  1:58  Probe (Chrono Boost)  
  21  2:01  Cybernetics Core  
  21  2:03  Forge  
  21  2:04  Probe (Chrono Boost)  
  22  2:10  Zealot  
  24  2:17  Probe (Chrono Boost)  
  24  2:21  Probe (Chrono Boost)  
  26  2:26  Probe (Chrono Boost)  
  28  2:30  Probe (Chrono Boost)  
  28  2:34  Probe  
  29  2:40  Probe  
  29  2:43  Stalker  
  32  2:45  Protoss Air Weapons Level 1 (Chrono Boost)  
  32  2:55  Probe  
  32  2:57  Probe  
  34  3:06  Assimilator  
  34  3:07  Probe  
  34  3:09  Probe  
  34  3:10  Assimilator  
  36  3:20  Stalker  
  36  3:21  Probe  
  39  3:33  Probe  
  40  3:36  Probe  
  41  3:45  Probe  
  41  3:48  Probe  
  43  3:51  Stalker  
  45  3:56  Stargate  
  45  3:57  Probe  
  45  3:59  Photon Cannon  
  45  4:00  Pylon  
  46  4:06  Photon Cannon  
  46  4:08  Pylon  
  46  4:12  Protoss Air Armor Level 1 (Chrono Boost)  
  46  4:18  Probe  
  46  4:21  Pylon  
  45  4:46  Stalker  
  45  4:48  Void Ray  
  51  4:56  Fleet Beacon  
  51  4:58  Probe  
  52  5:04  Protoss Shields Level 1  
  52  5:09  Twilight Council  
  52  5:14  Photon Cannon  
  52  5:17  Stalker  
  52  5:18  Pylon  
  50  5:45  Protoss Air Weapons Level 2 (Chrono Boost)  
  50  5:46  Void Ray  
  50  5:47  Stalker  
  54  6:17  Stalker  
  56  6:21  Photon Cannon  
  56  6:27  Photon Cannon  
  56  6:29  Void Ray  
  60  6:40  Stargate  
  60  6:45  Stargate  
  60  6:47  Stalker  
  56  7:11  Pylon, Void Ray  
  56  7:12  Photon Cannon  
  60  7:16  Pylon  
  60  7:24  Void Ray  
  60  7:25  Stalker  
  66  7:35  Protoss Air Armor Level 2 (Chrono Boost)  
  66  7:43  Protoss Shields Level 2 (Chrono Boost)  
  66  7:46  Carrier  
  72  7:55  Stalker  
  72  7:57  Photon Cannon  
  74  8:00  Pylon  
  74  8:07  Void Ray  
  74  8:10  Void Ray  
  82  8:14  Graviton Catapult  
  82  8:25  Photon Cannon, Stalker  
  84  8:27  Pylon  
  84  8:30  Photon Cannon  
  83  8:54  Void Ray (Chrono Boost)  
  87  8:58  Stalker  
  89  9:07  Probe  
  94  9:11  Probe  
  94  9:16  Void Ray (Chrono Boost)  
  95  9:19  Probe, Photon Cannon  
  95  9:24  Probe  
  97  9:27  Carrier (Chrono Boost)  
  103  9:43  Protoss Air Weapons Level 3  
  103  9:46  Photon Cannon  
  103  10:00  Pylon  
  103  10:02  Photon Cannon  
  103  10:04  Pylon  
  63  10:37  Void Ray x2  
  63  10:41  Photon Cannon  
  69  11:04  Nexus  
  69  11:15  Carrier  
  67  11:24  Void Ray  
  67  11:25  Void Ray  
  75  11:36  Probe (Chrono Boost)  
  75  11:37  Assimilator  
  76  11:46  Probe (Chrono Boost)  
  77  11:51  Probe (Chrono Boost)  
  78  12:03  Probe  
  78  12:07  Photon Cannon  
  35  12:45  Void Ray  
  39  12:56  Void Ray  
  43  13:07  Probe (Chrono Boost)  
  44  13:17  Probe (Chrono Boost)  
  45  13:22  Probe (Chrono Boost)  
  46  13:32  Void Ray  
  50  13:36  Void Ray  
  54  13:59  Nexus  
  54  14:04  Pylon  
  54  14:14  Probe  
  55  14:22  Void Ray (Chrono Boost)  
  55  14:23  Void Ray (Chrono Boost)  
  69  14:42  Photon Cannon  
  69  14:44  Photon Cannon  
Show
View Real Time Build Order
Export as new Build Order

RuffneckOne Terran 

Build Orders: Mech 

Get SALT Encoding   

  12  0:53  Command Center  
  12  0:58  Supply Depot  
  12  1:00  SCV  
  12  1:01  Refinery  
  13  1:12  SCV  
  14  1:23  Barracks  
  14  1:28  SCV  
  15  1:40  SCV  
  16  1:53  SCV  
  17  2:20  Marine  
  17  2:33  Barracks  
  17  2:36  Refinery  
  17  2:39  SCV  
  17  2:42  Barracks  
  18  2:50  Marine  
  19  3:03  SCV  
  20  3:08  Marine  
  21  3:15  SCV  
  22  3:20  Orbital Command  
  22  3:27  SCV  
  22  3:28  Marine  
  21  3:39  SCV  
  22  3:47  Barracks Tech Lab  
  22  3:51  Barracks Reactor, SCV  
  23  3:57  SCV  
  24  4:04  SCV  
  24  4:07  Barracks Reactor  
  24  4:09  SCV  
  26  4:16  SCV  
  27  4:21  SCV  
  28  4:26  Marine  
  28  4:27  Marine x2  
  28  4:28  SCV  
  32  4:33  SCV  
  33  4:44  Marine  
  33  4:45  SCV  
  35  4:51  SCV  
  36  4:53  Factory  
  36  4:57  SCV  
  36  4:58  Refinery  
  37  5:06  Command Center  
  37  5:09  SCV  
  38  5:38  Factory Tech Lab  
  38  5:39  Marine  
  38  5:44  Supply Depot  
  38  6:01  Marine  
  38  6:05  Marine x4  
  38  6:06  SCV  
  38  6:07  Supply Depot  
  38  6:09  Siege Tank  
  46  6:18  SCV  
  47  6:19  Marine  
  47  6:23  Marine x2  
  47  6:24  Factory  
  31  6:48  Command Center  
  31  6:54  Factory  
  14  6:55  SCV  
  14  6:57  Starport  
  11  7:07  SCV  
  12  7:15  Refinery  
  12  7:17  Factory Tech Lab  
  12  7:19  Marine x3, SCV  
  16  7:31  SCV  
  17  7:39  Starport Tech Lab  
  17  7:43  SCV  
  15  7:55  SCV  
  15  7:58  Orbital Command  
  16  8:01  Refinery  
  16  8:07  SCV  
  16  8:10  Starport  
  17  8:19  SCV, Orbital Command  
  17  8:23  SCV  
  18  8:35  SCV  
  19  8:47  SCV  
  17  8:51  Starport  
  17  8:53  Factory  
  14  8:56  SCV  
  14  8:59  SCV  
  11  9:08  SCV  
  12  9:12  SCV  
  13  9:20  SCV  
  13  9:22  Starport, Refinery  
  13  9:24  SCV  
  10  9:32  SCV  
  10  9:36  SCV  
  12  9:44  SCV  
  13  9:48  SCV  
  14  9:53  Starport Tech Lab  
  14  9:56  SCV  
  14  9:57  Fusion Core  
  15  10:00  SCV  
  15  10:06  Refinery  
  16  10:09  SCV  
  16  10:12  SCV  
  18  10:21  SCV  
  19  10:24  SCV  
  19  10:26  Starport Tech Lab  
  20  10:33  SCV  
  21  10:36  SCV  
  22  10:45  SCV, Refinery  
  22  10:48  SCV  
  22  10:49  Battlecruiser  
  30  11:02  Supply Depot  
  30  11:23  SCV x2  
  30  11:24  Supply Depot  
  32  11:35  SCV x2  
  34  11:47  SCV x2  
  36  11:59  SCV  
  36  12:00  SCV  
  31  12:10  Command Center  
  31  12:12  SCV  
  32  12:31  Battlecruiser  
  38  12:38  Starport  
  16  13:35  Starport  
  15  13:58  SCV  
  9  14:10  SCV  
  9  14:12  Supply Depot  
  9  14:14  Starport Tech Lab  
  7  14:22  SCV  
Show
View Real Time Build Order
Export as new Build Order

Infamous Protoss - Winner!

Build Orders:  

Get SALT Encoding   

  12  0:02  Probe  
  13  0:15  Pylon  
  13  0:18  Probe  
  14  0:33  Probe (Chrono Boost)  
  15  0:37  Gateway  
  15  0:45  Probe (Chrono Boost)  
  16  0:52  Probe (Chrono Boost)  
  16  0:54  Assimilator  
  17  1:08  Probe  
  18  1:20  Pylon  
  18  1:25  Cybernetics Core  
  18  1:26  Probe  
  18  1:38  Probe (Chrono Boost)  
  18  1:39  Assimilator  
  19  1:50  Probe (Chrono Boost)  
  20  1:58  Probe (Chrono Boost)  
  21  2:05  Warp Gate  
  21  2:08  Probe  
  22  2:22  Stargate  
  22  2:30  Pylon  
  22  2:31  Probe  
  23  2:50  Shield Battery  
  23  2:54  Forge  
  23  2:55  Probe (Chrono Boost)  
  24  3:02  Stargate  
  24  3:07  Probe (Chrono Boost)  
  25  3:18  Probe (Chrono Boost)  
  26  3:23  Nexus  
  26  3:29  Probe (Chrono Boost)  
  27  3:40  Probe (Chrono Boost)  
  28  3:50  Fleet Beacon  
  28  3:51  Photon Cannon  
  28  3:57  Probe  
  29  4:05  Protoss Air Weapons Level 1 (Chrono Boost)  
  29  4:10  Gateway  
  29  4:14  Probe  
  36  4:41  Tempest (Chrono Boost)  
  36  4:42  Pylon  
  36  4:43  Probe  
  36  4:44  Pylon  
  37  4:46  Pylon  
  37  4:58  Tempest (Chrono Boost)  
  43  5:08  Assimilator  
  43  5:13  Assimilator  
  44  5:18  Probe (Chrono Boost)  
  44  5:29  Protoss Shields Level 1  
  44  5:39  Probe (Chrono Boost)  
  46  5:44  Probe (Chrono Boost)  
  46  5:49  Probe (Chrono Boost)  
  47  5:50  Tempest  
  47  5:53  Probe (Chrono Boost)  
  54  6:03  Probe x2  
  56  6:09  Pylon  
  56  6:11  Pylon  
  56  6:15  Photon Cannon  
  56  6:20  Tempest  
  56  6:24  Protoss Air Armor Level 1 (Chrono Boost)  
  62  6:38  Shield Battery  
  62  6:43  Photon Cannon  
  62  6:46  Probe (Chrono Boost)  
  64  6:52  Probe (Chrono Boost)  
  64  6:56  Photon Cannon  
  64  7:09  Tempest  
  64  7:13  Probe (Chrono Boost)  
  72  7:18  Probe (Chrono Boost)  
  73  7:23  Probe (Chrono Boost)  
  73  7:27  Probe (Chrono Boost)  
  74  7:30  Carrier  
  74  7:33  Anion Pulse-Crystals  
  80  8:12  Tempest  
  86  8:24  Probe x2  
  88  8:36  Probe  
  88  8:38  Probe  
  88  8:40  Nexus  
  90  8:41  Pylon  
  90  8:59  Tempest x2  
  102  9:16  Graviton Catapult (Chrono Boost)  
  110  10:27  Assimilator  
  110  10:31  Assimilator  
  110  10:37  Pylon  
  110  10:39  Pylon  
  110  10:46  Protoss Air Armor Level 2 (Chrono Boost)  
  110  10:55  Probe x2  
  110  10:56  Carrier x2  
  112  10:58  Pylon  
  112  10:59  Pylon  
  112  11:04  Stargate  
  112  11:07  Probe x2  
  112  11:08  Probe, Stargate  
  115  11:11  Stargate  
  115  11:19  Probe x2  
  115  11:20  Probe  
  118  12:02  Carrier x2 (Chrono Boost)  
  118  12:07  Tempest (Chrono Boost)  
  124  12:26  Carrier x2 (Chrono Boost)  
  112  12:42  Tempest (Chrono Boost)  
  112  13:06  Probe x2  
  112  13:07  Probe  
  115  13:12  Protoss Air Weapons Level 2 (Chrono Boost)  
  115  13:17  Tempest (Chrono Boost)  
  115  13:18  Probe x2, Tempest x2 (Chrono Boost)  
  115  13:19  Probe  
  136  13:34  Twilight Council  
  136  14:37  Cybernetics Core  
  136  14:58  Nexus  
  136  15:00  Pylon  
  136  15:02  Pylon  
  136  15:04  Pylon  
  136  15:06  Pylon  
  136  15:11  Pylon  
Show
View Real Time Build Order
Export as new Build Order

Rhine Protoss - Winner!

Build Orders:  

Get SALT Encoding   

  12  0:01  Probe  
  13  0:15  Pylon  
  13  0:18  Probe (Chrono Boost)  
  14  0:30  Probe (Chrono Boost)  
  15  0:36  Probe (Chrono Boost)  
  15  0:39  Gateway  
  16  0:44  Probe  
  16  0:49  Assimilator  
  17  0:56  Probe  
  18  1:02  Assimilator  
  18  1:08  Probe (Chrono Boost)  
  20  1:18  Probe (Chrono Boost)  
  20  1:23  Probe (Chrono Boost)  
  21  1:31  Cybernetics Core  
  21  1:35  Probe  
  21  1:37  Pylon  
  22  1:47  Probe  
  23  1:52  Pylon  
  23  2:02  Warp Gate (Chrono Boost)  
  23  2:13  Robotics Facility  
  23  2:15  Gateway  
  22  2:41  Gateway, Stalker  
  22  2:43  Pylon  
  24  2:53  Pylon  
  24  3:04  Immortal  
  28  3:08  Sentry  
  28  3:12  Sentry  
  32  3:35  Pylon  
  32  3:43  Immortal  
  36  4:02  Stalker  
  38  4:03  Zealot  
  38  4:05  Sentry  
  42  4:19  Warp Prism (Chrono Boost)  
  44  4:28  Stalker x2  
  46  4:46  Stalker  
  48  4:58  Stalker x2  
  52  5:03  Immortal  
  56  5:34  Stalker x3  
  62  5:54  Pylon  
  60  6:12  Immortal  
  60  6:13  Stalker  
  60  6:14  Stalker  
  66  6:34  Stalker  
  66  6:51  Immortal (Chrono Boost)  
  68  7:08  Stalker  
  70  7:17  Pylon  
  70  7:18  Pylon  
  71  7:30  Observer (Chrono Boost)  
  71  7:37  Pylon  
  71  7:38  Stalker x2  
  71  7:39  Pylon, Stalker  
  73  7:52  Immortal (Chrono Boost)  
  75  8:06  Stalker  
  77  8:32  Stalker x3  
  65  9:18  Nexus  
Show
View Real Time Build Order
Export as new Build Order

Kaddarius Zerg - Winner!

Build Orders: Pool First 

Get SALT Encoding   

  12  0:20  Spawning Pool  
  11  0:24  Extractor  
  10  0:31  Overlord  
  10  0:37  Drone  
  10  0:41  Drone  
  12  0:49  Drone  
  13  0:56  Drone  
  14  1:12  Queen  
  16  1:19  Zergling x2  
  16  1:22  Zergling x2  
  18  1:27  Zergling x2  
  19  1:36  Metabolic Boost  
  19  2:11  Zergling x4  
  19  2:12  Zergling x2  
  18  2:54  Zergling x6  
  18  3:40  Zergling x12  
  22  4:02  Hatchery  
  15  4:39  Zergling x2  
  15  4:40  Zergling x10  
  19  5:17  Zergling x2  
  19  5:18  Zergling x6  
  19  5:23  Zergling x2  
  19  5:24  Zergling x4  
  22  6:21  Zergling x12  
  22  6:41  Zergling x2  
  22  6:42  Zergling x2  
  24  7:00  Hatchery  
  23  7:02  Queen x2  
  23  7:06  Overlord x3  
  23  7:07  Overlord  
  22  7:48  Zergling x18  
  18  8:54  Spore Crawler  
  18  8:55  Drone x3  
  18  8:56  Drone x9  
  26  9:31  Zergling x2  
  26  9:32  Zergling x14  
  25  9:44  Spore Crawler  
  20  9:46  Spore Crawler  
  19  9:59  Drone x2  
  19  10:13  Drone x4  
  19  10:14  Drone  
  16  10:51  Drone x5  
  16  10:52  Drone x2  
  23  11:17  Lair  
  23  11:46  Hatchery  
  22  11:55  Drone x3  
  13  12:27  Drone x3  
  13  12:28  Drone x3  
  19  12:46  Spire  
  18  12:55  Extractor  
  18  12:57  Queen  
  19  13:01  Queen  
  21  13:10  Zergling x2  
  21  13:11  Zergling x10  
  27  13:44  Drone  
  27  13:45  Drone x4  
  27  13:46  Drone  
  33  13:49  Drone  
  33  13:50  Drone x2  
  36  13:56  Queen  
Show
View Real Time Build Order
Export as new Build Order

Protan Zerg - Winner!

Build Orders: Pool First 

Get SALT Encoding   

  12  0:02  Drone  
  13  0:22  Overlord  
  13  0:25  Drone  
  14  0:43  Spawning Pool  
  14  0:46  Drone x3  
  16  1:19  Hatchery  
  16  1:23  Drone x3  
  18  1:29  Extractor  
  17  1:35  Queen  
  19  1:57  Drone x3  
  22  2:09  Extractor  
  22  2:10  Drone  
  22  2:18  Overlord  
  22  2:38  Lair  
  22  2:52  Drone x5  
  27  3:02  Drone  
  28  3:19  Drone  
  30  3:20  Drone x2  
  30  3:26  Drone x3  
  30  3:27  Drone  
  35  3:41  Extractor  
  34  3:42  Extractor  
  34  3:43  Hatchery  
  34  3:47  Hatchery  
  31  3:51  Drone x2  
  33  3:59  Infestation Pit  
  32  4:06  Drone x2, Hydralisk Den  
  32  4:09  Queen  
  35  4:10  Drone  
  35  4:12  Overlord  
  36  4:24  Overlord x3  
  36  4:32  Drone x2  
  38  4:42  Drone x3  
  41  5:00  Hydralisk x4  
  41  5:02  Hydralisk x3  
  55  5:20  Evolution Chamber  
  54  5:23  Evolution Chamber  
  54  5:24  Evolution Chamber  
  54  5:26  Spore Crawler  
  54  5:27  Spore Crawler  
  50  5:31  Drone  
  50  5:32  Spore Crawler, Drone x6  
  50  5:33  Drone x3  
  59  5:56  Hatchery  
  58  6:07  Hatchery  
  57  6:14  Drone x2  
  59  6:23  Drone  
  59  6:24  Hydralisk x6  
  72  6:50  Muscular Augments  
  72  6:56  Hatchery  
  71  7:01  Spore Crawler  
  71  7:05  Spore Crawler  
  69  7:10  Drone  
  69  7:11  Drone, Spore Crawler  
  69  7:13  Spore Crawler  
  69  7:22  Overseer  
  69  7:23  Overseer x2  
  69  7:32  Overseer  
  69  7:41  Drone x2  
  69  7:42  Drone x6  
  69  7:43  Drone x4  
  81  8:01  Grooved Spines  
  81  8:05  Hydralisk x5  
  83  8:08  Overlord x7  
  83  8:09  Overlord x2  
  91  8:18  Drone  
  92  8:36  Zergling x4  
  92  8:37  Zergling x14  
  92  8:39  Zergling x2  
  92  8:40  Zergling x14  
  92  8:41  Zergling x6  
  112  8:42  Zergling x6  
  115  8:50  Zerg Missile Weapons Level 1  
  115  8:51  Zerg Ground Armor Level 1  
  115  8:52  Zerg Melee Weapons Level 1  
  115  9:14  Hydralisk x6  
  115  9:15  Hydralisk x3  
  133  9:19  Metabolic Boost  
  133  9:22  Hive  
  133  9:34  Overseer  
  133  9:37  Hydralisk x5  
  133  9:38  Hydralisk  
  139  9:39  Hydralisk  
  139  9:40  Hydralisk  
  145  9:47  Drone x2  
  145  9:48  Drone  
  94  11:04  Hydralisk x3  
  94  11:05  Hydralisk x6  
  94  11:07  Hydralisk x5  
  94  11:08  Hydralisk x4  
  124  11:16  Drone x3  
  106  11:19  Extractor  
  106  11:20  Extractor  
  96  11:27  Zerg Missile Weapons Level 2  
  96  11:28  Zerg Ground Armor Level 2  
  96  11:29  Zerg Melee Weapons Level 2  
  96  11:38  Hydralisk  
  96  11:39  Hydralisk x7  
  106  11:40  Hydralisk  
  106  11:42  Hydralisk  
  106  11:44  Zergling x8  
  106  11:45  Zergling x8  
  114  12:36  Hydralisk x7  
  114  12:37  Hydralisk  
  124  12:41  Overlord x3  
  130  13:17  Hydralisk x7  
  130  13:18  Hydralisk x2  
  148  13:25  Adrenal Glands  
  148  13:37  Zergling x8  
  148  13:38  Zergling x2  
  148  13:39  Zergling x2  
  154  13:41  Overlord  
  154  13:42  Overlord x2  
  154  14:00  Zergling x12  
  160  14:10  Zergling x6  
  160  14:11  Zergling x8  
  160  14:12  Zergling x14  
  173  14:24  Zergling x2  
  173  14:25  Zergling x8  
  173  14:27  Overlord  
  173  14:28  Overlord x3  
  173  14:29  Overlord x2  
  173  14:30  Overlord  
Tags
 
Add a new tag
Caveats
  • Supply blocks, unpowered buildings, or Contaminate may cause inaccurate times.
  • Supply counts are checked every 10 seconds.